 Dungeon Crawl Stone Soup version 0.31-a0-236-g9a0961fb85 (webtiles) character file.

Game seed: 6042118167601132393

1828 Shard1697 the Cleaver (level 9, -7/82 HPs)
             Began as a Meteoran Berserker on July 11, 2023.
             Was an Elder of Trog.
             Killed from afar by an electric eel (15 damage)
             ... with a bolt of electricity
             ... on level 7 of the Dungeon.
             The game lasted 00:11:28 (2708 turns).

Shard1697 the Cleaver (Meteoran Berserker)          Turns: 2708, Time: 00:11:28

Health: -7/82      AC: 13    Str: 22    XL:     9   Next: 58%
Magic:  10/10      EV:  9    Int:  8    God:    Trog [****..]
Gold:   212        SH:  0    Dex: 16    Spells: 8/8 levels left

rFire   . . .        a - +0 war axe
rCold   . . .        (no shield)
rNeg    . . .        d - +0 chain mail
rPois   .            t - +2 helmet
rElec   .            o - +0 cloak
rCorr   .            (no gloves)
SInv    .            (no boots)
Will    ++...        x - amulet of regeneration Stlth
                     r - ring of willpower
HPRegen 1.13/turn    (no ring)
MPRegen 0.12/turn

%: no passive effects
@: hasted, glowing, very quick
A: sense surroundings 2, otherworldly, glowing, explore regen
a: Renounce Religion, Berserk, Trog's Hand, Brothers in Arms


You were on level 7 of the Dungeon.
You worshipped Trog.
Trog was greatly pleased with you.
You visited 1 branch of the dungeon, and saw 7 of its levels.

You collected 212 gold pieces.

Inventory:

Hand Weapons
 a - a +0 war axe (weapon)
 b - a +0 flail
Armour
 d - a +0 chain mail (worn)
 o - a +0 cloak (worn)
 t - a +2 helmet (worn)
Jewellery
 g - the amulet of the Air {Inacc Air Fly rElec RMsl}
   (You found it on level 4 of the Dungeon)

   [amulet of nothing]

   Inacc:     It reduces the accuracy of your attacks and spells.
   Air:       It enhances your air magic.
   rElec:     It insulates you from electricity.
   Fly:       It grants you flight.
   RMsl:      It protects you from missiles.
 l - an amulet of the acrobat
 r - a ring of willpower (left hand)
 x - an amulet of regeneration (around neck)
Wands
 p - a wand of acid (3)
 q - a wand of polymorph (1)
 y - a wand of mindburst (4)
Scrolls
 h - a scroll of vulnerability
 k - a scroll of revelation
Potions
 c - a potion of mutation {unknown}
 e - a potion of enlightenment {unknown}
 f - 3 potions of haste
 i - 2 potions of lignification
 m - a potion of curing {unknown}
 n - 2 potions of heal wounds {unknown}
 s - a potion of ambrosia {unknown}
 u - a potion of brilliance {unknown}
 w - a potion of attraction
 z - a potion of berserk rage {unknown}


   Skills:
 + Level 8.8 Fighting
 + Level 11.1 Axes
 - Level 2.4 Armour
 - Level 2.4 Dodging


You had 8 spell levels left.
You didn't know any spells.
Your spell library was empty.

Dungeon Overview and Level Annotations

Branches:
Dungeon (7/15) Zot: 1503   Temple (0/1) D:4

Altars:


Innate Abilities, Weirdness & Mutations

You passively map the area around you.
You are easily found by Zot.
You glow in the dark.
You regain HP and MP as you explore.


Message History

The electric eel shoots out a bolt of lightning at you!
The bolt of electricity hits you! Why would you want to do that?
As you read the scroll labelled IPRUYGODDY, it crumbles to dust.
It is a scroll of amnesia.
You feel forgetful for a moment.
The electric eel shoots out a bolt of lightning at you!
The bolt of electricity hits you!
The electric eel shoots out a bolt of lightning at you!
The bolt of electricity hits you.
As you read the scroll labelled NEFADU ITHRU, it crumbles to dust.
You hear a loud clanging noise!
It was a scroll of noise.
You hear a shout! x2
Okay, then.
You feel yourself speed up.
The electric eel shoots out a bolt of lightning at you!
The bolt of electricity hits you. The bolt of electricity hits you!
The electric eel shoots out a bolt of lightning at you!
The bolt of electricity hits the electric eel.
The electric eel completely resists.
The bolt of electricity hits you!
The electric eel shoots out a bolt of lightning at you!
The bolt of electricity hits you!
The electric eel shoots out a bolt of lightning at you!
The bolt of electricity hits you!
The electric eel shoots out a bolt of lightning at you!
The bolt of electricity hits you.
* * * LOW HITPOINT WARNING * * *
The electric eel shoots out a bolt of lightning at you!
The bolt of electricity hits you!
* * * LOW HITPOINT WARNING * * *
The electric eel shoots out a bolt of lightning at you!
The bolt of electricity hits you!
* * * LOW HITPOINT WARNING * * *
The bolt of electricity hits the plant!
The plant begins to die.
The bolt of electricity hits the plant!
The plant begins to die.
The bolt of electricity hits the plant!
The plant begins to die.
The electric eel shoots out a bolt of lightning at you!
The bolt of electricity hits you!
You die...

* ,, * , ***, * *
### ,* * ,,
,,+P#~~# ~## , *
, ,,#.#~~#~~~# ,
.######.#~~#~~~#
, *
~P.~~..P#~~~S~~#
, *
~~.~~~~.P#~≈≈≈≈~#
, ,
≈~≈~~~~@#≈~≈≈~≈#
, * ,
#≈~≈≈≈~S≈≈S~~≈≈#
,
,##~≈≈≈≈~~≈~~~~≈#
,, *,
##~~≈≈≈≈~~#~~~#
,* , ~ ~~ ~
##~~≈≈≈~~# ~~# ,
* ~ ##~~≈~~## * *
,, , ~ ~ ##~~###
~~ * * #~## * * *
, , ,## * *


You could see 2 electric eels.

Vanquished Creatures
  A water moccasin (D:5)
  An ogre (D:6)
  2 phantoms
  2 bullfrogs (D:6)
  A scorpion (D:5)
  7 wights (D:6)
  3 hounds
  A jelly (D:6)
  2 gnoll boudas (D:5)
  3 orc priests
  Crazy Yiuf (D:5)
  A sleepcap (D:4)
  3 iguanas
  Ijyb (D:3)
  6 orc wizards
  Natasha (twice) (D:3)
  Robin (D:3)
  9 gnolls (D:5)
  8 adders
  A white imp (D:6)
  An ufetubus (D:5)
  3 worms
  6 dart slugs
  18 orcs
  3 bats (D:1)
  5 endoplasms
  4 giant cockroaches
  9 hobgoblins
  5 quokkas
  8 ball pythons
  3 frilled lizards
  7 goblins
  4 kobolds
  8 rats
140 creatures vanquished.

Vanquished Creatures (others)
  A hobgoblin (D:3)
1 creature vanquished.

Grand Total: 141 creatures vanquished

Notes
Turn   | Place    | Note
-------+----------+-------------------------------------------
     0 | D:1      | Shard1697 the Meteoran Berserker began the quest for the
                  | Orb.
     0 | D:1      | Reached XP level 1. HP: 19/19 MP: 2/2
    49 | D:1      | Reached skill level 4 in Axes
    74 | D:1      | Reached XP level 2. HP: 17/26 MP: 3/3
   239 | D:1      | Reached XP level 3. HP: 31/31 MP: 4/4
   369 | D:2      | Reached skill level 5 in Axes
   420 | D:2      | Reached ** piety under Trog
   627 | D:2      | Reached XP level 4. HP: 31/38 MP: 5/5
   952 | D:3      | Noticed Ijyb
   952 | D:3      | Noticed Robin
   960 | D:3      | Reached skill level 6 in Axes
   966 | D:3      | Killed Robin
   967 | D:3      | Reached XP level 5. HP: 35/45 MP: 6/6
   971 | D:3      | Killed Ijyb
  1166 | D:3      | Noticed Natasha
  1181 | D:3      | Killed Natasha
  1182 | D:3      | Reached skill level 7 in Axes
  1182 | D:3      | Reached XP level 6. HP: 49/52 MP: 7/7
  1220 | D:3      | Reached *** piety under Trog
  1224 | D:3      | Noticed Natasha
  1232 | D:3      | Killed Natasha
  1692 | D:4      | Reached XP level 7. HP: 36/60 MP: 8/8
  1794 | D:4      | Found a staircase to the Ecumenical Temple.
  1796 | D:4      | Found the amulet of the Air {Inacc Air Fly rElec RMsl}
  1815 | D:4      | Reached skill level 5 in Fighting
  1885 | D:5      | Entered Level 5 of the Dungeon
  1917 | D:5      | Reached skill level 8 in Axes
  2064 | D:5      | Reached XP level 8. HP: 70/70 MP: 9/9
  2097 | D:5      | Reached skill level 9 in Axes
  2247 | D:5      | Found a runed translucent door.
  2248 | D:5      | Noticed Crazy Yiuf
  2259 | D:5      | Killed Crazy Yiuf
  2344 | D:6      | Reached **** piety under Trog
  2373 | D:6      | Gained mutation: You passively map the area around you.
                  | [Meteoran growth]
  2373 | D:6      | Reached XP level 9. HP: 79/79 MP: 10/10
  2376 | D:6      | Reached skill level 10 in Axes
  2561 | D:6      | Reached skill level 11 in Axes
  2708 | D:7      | Killed from afar by an electric eel

Illustrated notes

Levels and vault maps discovered:
D:1:      minmay_arrival_shattered_statue, layout_loops_ring,
          dreamdust_princess_bridge
D:2:      layout_basic, minmay_3d_cube
D:3:      layout_basic, nicolae_goblin_pals, uniq_natasha
D:4:      layout_basic, minmay_temple_entry_sparse_star
D:5:      layout_basic, uniq_crazy_yiuf_cottage
D:6:      layout_rooms, grunt_decor_arrowhead
D:7:      wad_lake_hut, layout_basic, grunt_temple_overflow_open, serial_glass,
          glass_columns_c, glass_columns_b, glass_columns_c, glass_columns_b,
          nicolae_elevator_lobby_asterisk, uniq_prince_ribbit1

Skill      XL: |  1  2  3  4  5  6  7  8  9 |
---------------+----------------------------+-----
Axes           | 4 5 6 7 8 9 11 | 11.1
Fighting       | 4 5 7 8 |  8.8
Armour         | |  2.4
Dodging        | |  2.4

Action                     |  1- 3 |  4- 6 |  7- 9 || total
---------------------------+-------+-------+-------++-------
  Melee: Hand axe          |   111 |   164 |   287 ||   562
         Punch             |     1 |     2 |     5 ||     8
         War axe           |       |       |     7 ||     7
 Invoke: Berserk           |       |     2 |     4 ||     6
    Use: Scroll            |       |     5 |     2 ||     7
         Potion            |       |     2 |     1 ||     3
 Armour: Animal skin       |    13 |       |       ||    13
         Leather armour    |     9 |       |       ||     9
         Ring mail         |       |    43 |       ||    43
         Chain mail        |       |    12 |   157 ||   169
  Dodge: Dodged            |    55 |    74 |   105 ||   234

Table legend: (Time is in decaauts)
 A = Elapsed time spent in this place.
 B = Non-inter-level travel time spent in this place.
 C = Inter-level travel time spent in this place.
 D = Time resting spent in this place.
 E = Time spent auto-exploring this place.
 F = Levels seen in this place.
 G = Mean time per level.
                   A        B        C        D        E       F      G
               +--------+--------+--------+--------+--------+-----+--------+
         Total |   2695 |   2423 |    272 |     42 |     28 |   7 |  385.0 |
       Dungeon |   2695 |   2423 |    272 |     42 |     28 |   7 |  385.0 |
               +--------+--------+--------+--------+--------+-----+--------+

Top non-repeatable levels by time:
     D:2: 498 daAuts
     D:4: 494 daAuts
     D:3: 494 daAuts
     D:5: 425 daAuts
     D:1: 400 daAuts
     D:6: 373 daAuts
     D:7: 6 daAuts
